 Dungeon Crawl Stone Soup version 0.19.1 (webtiles) character file.

177 Haldmier the Archer (level 5, -14/34 HPs)
             Began as a High Elf Hunter on Nov 27, 2016.
             Demolished by an orc warrior
             ... wielding a +0 trident
              (17 damage)
             ... on level 3 of the Dungeon.
             The game lasted 00:13:42 (4113 turns).

Haldmier the Archer (High Elf Hunter)               Turns: 4113, Time: 00:13:43

Health: -14/34     AC:  5    Str: 11    XL:     5   Next: 31%
Magic:  6/6        EV: 11    Int: 15    God:
Gold:   80         SH:  5    Dex: 20    Spells: 0 memorised, 4 levels left

rFire  . . .     SeeInvis .     a - +1 shortbow
rCold  . . .     Gourm    .     n - +0 ring mail
rNeg   . . .     Faith    .     (shield currently unavailable)
rPois  .         Spirit   .     (no helmet)
rElec  .         Reflect  +     (no cloak)
rCorr  .         Harm     .     (no gloves)
MR     .....                    (no boots)
Stlth  +.........               t - +5 amulet of reflection
                                s - +4 ring of dexterity
                                p - ring of flight

@: no status effects
A: no striking features
a: Evoke Flight


You were on level 3 of the Dungeon.
You were not hungry.

You visited 1 branch of the dungeon, and saw 3 of its levels.

You collected 80 gold pieces.

Inventory:

Hand Weapons
 a - a +1 shortbow (weapon)
 b - a +0 short sword
 z - a +1 dagger of holy wrath
Missiles
 d - 33 arrows (quivered)
Armour
 c - a +0 leather armour
 k - a +0 scale mail
 n - a +0 ring mail (worn)
Jewellery
 p - a ring of flight (left hand)
 s - a +4 ring of dexterity (right hand)
 t - a +5 amulet of reflection (around neck)
Wands
 q - a wand of acid (4/15)
 v - a wand of acid (9/15)
Scrolls
 i - 3 scrolls of remove curse
 m - a scroll of teleportation
 r - a scroll of immolation {unknown}
 w - a scroll of fog {unknown}
 x - a scroll of noise {unknown}
 y - a scroll of blinking {unknown}
Potions
 e - a potion of curing {unknown}
 g - a potion of brilliance {unknown}
 j - a potion of lignification {unknown}
 o - a potion of resistance {unknown}
 u - a potion of flight {unknown}
Books
 l - a book of Misfortune

   Spells                             Type                      Level
   a - Confusing Touch                Hexes                        1
   b - Confuse                        Hexes                        3
   c - Gell's Gravitas                Hexes/Translocation          3
   d - Petrify                        Transmutation/Earth          4
   e - Metabolic Englaciation         Hexes/Ice                    5
   f - Yara's Violent Unravelling     Hexes/Transmutation          5
Comestibles
 f - 4 bread rations
 h - 3 beef jerkies


   Skills:
 - Level 2.0 Fighting
 + Level 8.8 Bows
 - Level 2.1 Dodging
 - Level 1.1 Stealth


You had 4 spell levels left.
You didn't know any spells.

Dungeon Overview and Level Annotations

Branches:
Dungeon (3/15)

Altars:
Okawaru
Trog
Zin


Message History

Aim: an orc warrior, wielding a trident and wearing a plate armour (moderately wounded)
You shoot an arrow.
The arrow barely misses the orc warrior.
You block the orc warrior's attack.
Things that are here:
a leather armour; a hand axe
Things that are here:
a ring mail; a club You see here an enchanted hand axe.
Things that are here:
a robe; a club
There is an open door here.
There is an open door here.
The orc warrior hits you from afar with a trident!
Ouch! That really hurt!
* * * LOW HITPOINT WARNING * * *
You take 17 damage, and have 3/34 hp.
MASSIVE DAMAGE!!
The orc warrior hits you from afar with a trident!
Ouch! That really hurt!
You die...

##### ##... ...# #... ...# #..#
#..# ##..#####..# ##..........##
#...)........## #.###.###.....#
#.# #.####@..##############
#.###..w...................
#.<...#####o########...####
###.### #.# #.#...### #.# ##o##
#.#.....# #.# ##...## #.##..#.#
###.# ##.....## #...##.# ##.#.#
##.......## ##).##.#
######....###.........####..o....


You could see an orc warrior, a worm and an orc.

Vanquished Creatures
  An orc wizard (D:3)
  7 adders (D:2)
  An ooze (D:1)
  2 worms (D:2)
  A dart slug (D:1)
  A leopard gecko (D:2)
  9 orcs (D:3)
  2 ball pythons
  5 giant cockroaches
  4 goblins
  6 hobgoblins
  8 kobolds
  6 bats
  5 frilled lizards
  12 rats
70 creatures vanquished.

Notes
Turn   | Place    | Note
-------+----------+-------------------------------------------
     0 | D:1      | Haldmier the High Elf Hunter began the quest for the Orb.
     0 | D:1      | Reached XP level 1. HP: 14/14 MP: 2/2
   400 | D:1      | Reached XP level 2. HP: 19/19 MP: 3/3
   517 | D:1      | Reached skill level 6 in Bows
  1360 | D:1      | Reached XP level 3. HP: 24/24 MP: 4/4
  1570 | D:2      | Found an iron altar of Okawaru.
  1581 | D:2      | Found a bloodstained altar of Trog.
  1644 | D:2      | Reached skill level 7 in Bows
  1999 | D:2      | Reached XP level 4. HP: 23/29 MP: 5/5
  2433 | D:2      | Found a glowing silver altar of Zin.
  2472 | D:2      | Reached skill level 8 in Bows
  3568 | D:3      | Reached XP level 5. HP: 34/34 MP: 6/6
  3865 | D:3      | Noticed an orc warrior
  4113 | D:3      | Demolished by an orc warrior

Skill      XL: |  1  2  3  4 |
---------------+-------------+-----
Bows           | 6 7 8 |  8.8
Fighting       | |  2.0
Dodging        | |  2.1
Stealth        | |  1.1

Action                   |  1- 3 |  4- 6 || total
-------------------------+-------+-------++-------
Melee: Short sword       |    63 |   109 ||   172
       Dagger            |    63 |       ||    63
 Fire: Shortbow          |    31 |    49 ||    80
  Use: Scroll            |     1 |     3 ||     4
 Stab: Sleeping          |     2 |     1 ||     3
  Eat: Chunk             |     3 |     7 ||    10
Armor: Leather armour    |    19 |       ||    19
       Ring mail         |    37 |    25 ||    62
Dodge: Dodged            |    87 |    57 ||   144
Block: Other             |       |    31 ||    31
       Reflection        |       |     1 ||     1
